 Dungeon Crawl Stone Soup version 0.27-a0-1187-ge80a49f48c (webtiles) character file.

Game seed: 15127211900147905953

30255 Ijustatesigmund the Cleaver (level 13, -6/118 HPs)
             Began as a Hill Orc Fighter on May 20, 2021.
             Was a High Priest of Cheibriados.
             Mangled by a lorocyproca (16 damage)
             ... on level 2 of the Abyss.
             The game lasted 00:37:36 (14239 turns).

Ijustatesigmund the Cleaver (Hill Orc Fighter)     Turns: 14239, Time: 00:37:36

Health: -6/118     AC: 18    Str: 31    XL:     13   Next: 50%
Magic:  1/21       EV: 19    Int: 21    God:    Cheibriados [*****.]
Gold:   806        SH: 15    Dex: 23    Spells: 9/12 levels left

rFire    + . .     SeeInvis .   a - +6 broad axe (freeze)
rCold    + . .     Faith    .   c - +2 kite shield
rNeg     . . .     Spirit   .   M - +0 troll leather armour
rPois    +         Reflect  .   C - +2 hat
rElec    .         Harm     .   y - scarf {rC+ rF+}
rCorr    +         Rampage  .   N - +2 pair of gloves of Idealism {rPois rCorr}
Will     .....                  l - +2 pair of boots
Stlth    ++........             (no amulet)
HPRegen  1.29/turn              d - +4 ring of evasion
MPRegen  0.17/turn              I - +4 ring of protection

@: studying 2 skills, very slow
A: no striking features
a: Renounce Religion, Bend Time, Temporal Distortion, Slouch, Step From Time


You were on level 2 of the Abyss.
You worshipped Cheibriados.
Cheibriados was extremely pleased with you.
You visited 2 branches of the dungeon, and saw 14 of its levels.
You visited the Abyss 1 time.
You also visited: Bailey and Ice Cave.

You collected 1091 gold pieces.
You spent 285 gold pieces at shops.

Inventory:

Hand Weapons
 a - a +6 broad axe of freezing (weapon)
 h - a +0 war axe of flaming
 k - a +4 broad axe
Missiles
 G - 4 atropa-tipped darts (quivered)
Armour
 b - a +0 chain mail
 c - a +2 kite shield (worn)
 l - a +2 pair of boots (worn)
 y - a scarf of resistance (worn)
 C - a +2 hat (worn)
 D - +0 steam dragon scales
 M - a +0 troll leather armour (worn)
 N - the +2 pair of gloves of Idealism (worn) {rPois rCorr}
   (You bought it in a shop on level 10 of the Dungeon)

   It protects you from poison.
   It protects you from acid and corrosion.
 O - a +2 pair of gloves of dexterity
Jewellery
 d - a +4 ring of evasion (left hand)
 r - a ring of protection from cold
 v - an amulet of magic regeneration
 E - a ring of fire
 F - a ring of flight
 I - a +4 ring of protection (right hand)
 K - a +6 ring of strength
 L - a ring of ice
Wands
 o - a wand of mindburst (8)
 p - a wand of iceblast (31)
 q - a wand of polymorph (18)
 t - a wand of acid (5)
 u - a wand of paralysis (24)
 w - a wand of digging (5)
 H - a wand of flame (17)
Scrolls
 g - 4 scrolls of fog
 s - 6 scrolls of teleportation
 B - 2 scrolls of amnesia
 J - 2 scrolls of immolation
 S - a scroll of magic mapping
Potions
 e - 3 potions of lignification
 f - 2 potions of curing
 i - 4 potions of ambrosia
 j - a potion of flight
 m - 5 potions of might
 n - 3 potions of brilliance
 x - 5 potions of cancellation
 z - 3 potions of attraction
 A - a potion of invisibility
 P - a potion of magic
 Q - 2 potions of resistance
 R - a potion of heal wounds


   Skills:
 + Level 12.0 Fighting
 + Level 13.1 Axes
 - Level 8.0 Armour
 - Level 6.1 Dodging
 - Level 8.1 Shields
 - Level 7.1 Translocations
 + Level 10.9 Invocations
 - Level 5.9 Evocations


You had 9 spell levels left.
You knew the following spells:

 Your Spells              Type           Power      Damage    Failure   Level
a - Magic Dart            Conj           0%         1d3       43%         1
b - Blink                 Tloc           N/A        N/A       4%          2

Your spell library contained the following spells:

 Spells                   Type           Power      Damage    Failure   Level
 Call Imp                 Summ           0%         N/A       58%         2
 Poisonous Vapours        Pois/Air       0%         N/A       58%         2
 Slow                     Hex            0%         N/A       58%         2
 Conjure Flame            Conj/Fire      0%         6-21      82%         3
 Mephitic Cloud           Conj/Pois/Air  0%         N/A       82%         3
 Cause Fear               Hex            0%         N/A       99%         4
 Silence                  Hex/Air        0%         N/A       100%        5
 Yara's Violent Unravell  Hex/Tmut       0%         3d3       100%        5
 Freezing Cloud           Conj/Ice/Air   0%         6-21      100%        6
 Discord                  Hex            0%         N/A       100%        8


Dungeon Overview and Level Annotations

Branches:
Dungeon (13/15)            Temple (1/1) D:5            Lair (0/6) D:9
    Orc (0/2) D:12         Bailey (visited)           IceCv (visited)
 Vaults: D:13-14

Altars:
Ashenzari
Cheibriados
Dithmenos
Fedhas
Gozag
Hepliaklqana
Makhleb
Nemelex Xobeh
Qazlal
Ru
Sif Muna
Trog
Uskayaw
Vehumet
Xom
The Shining One

Shops:
D:10 [

Annotations:
D:9 2 transporters


Message History

You hear a chilling moan.
You block the large abomination's attack.
You barely miss the large abomination.
The large abomination closely misses you.
You slice the large abomination!! You freeze the large abomination!
The large abomination is severely damaged.
The large abomination hits you.
You hit the large abomination but do no damage.
The large abomination is severely damaged.
You hit something. You freeze something. Something barely misses you.
You block the large abomination's attack.
You slash the large abomination! You freeze the large abomination.
The large abomination is almost destroyed.
You barely miss something. You block something's attack.
Deactivating autopickup; reactivate with Ctrl-A.
You slice the large abomination!! You freeze the large abomination.
You destroy the large abomination!
Cheibriados appreciates the change of pace.
You slash something! You freeze something. Something hits you!
You feel your power leaking away.
No target in view!
No target in view!
There is a strange disturbance nearby!
You slash something! You freeze something. Something hits you!
You feel your power leaking away. Something hits you but does no damage.
You miss something. Something hits you but does no damage.
You miss something. Something hits you!
You closely miss something. Something completely misses you.
You miss something. Something closely misses you.
You slash something! You freeze something.
Something hits you but does no damage.
You closely miss something. Something hits you.
You feel your power leaking away.
You hit something but do no damage. Something hits you!!
You slash something! You freeze something. Something hits you!!
You hit something but do no damage. Something hits you!!
* * * LOW HITPOINT WARNING * * *
You miss something. Something hits you!
You die...

. . ## #. #. ..###
#. ? #. .. .#. ##.##
# .. .##.##..#...
... ...#.#..## . ##
. #.......#.###...
...###..#....#..# ..
#..$@..#..#..##.
##.{#.#.####. # #
....#..... ..#..#
#...#..##.#######...
.## . . ## ###. ##
.# . #.. . .# #.


There were no monsters in sight!

Vanquished Creatures
  A vault guard (D:13)
  An ice dragon (D:12)
  A death knight (D:12)
  3 centaur warriors
  A dancing weapon (Abyss:2)
  3 two-headed ogres
  An orc high priest (Bailey)
  3 orc knights
  A necromancer (IceCv)
  2 cyclopes (D:13)
  3 ugly things
  A manticore (D:12)
  5 large abominations (Abyss:2)
  A shock serpent zombie (Abyss:2)
  2 smoke demons (Abyss:2)
  An ice statue (IceCv)
  4 gargoyles
  An efreet (Abyss:2)
  2 kobold demonologists
  Maggie (D:9)
  10 freezing wraiths (IceCv)
  2 polar bears (D:12)
  A queen bee (shapeshifter) (D:13)
  2 trolls
  Grinder (D:4)
  A hornet (D:9)
  2 wolf spider simulacra (IceCv)
  3 shadows
  2 wyverns (D:7)
  13 yaks
  A human (shapeshifter) (D:9)
  2 steam dragons (D:8)
  A death yak simulacrum (IceCv)
  2 vampire mosquitoes (D:12)
  A warg (D:12)
  A water moccasin (D:8)
  A merfolk skeleton (Abyss:2)
  A hornet zombie (D:9)
  12 orc warriors
  8 ice beasts
  5 black bears
  2 wolves (D:12)
  3 necrophages
  3 ogres
  6 centaurs
  3 scorpions
  A bullfrog (D:8)
  A water moccasin zombie (D:6)
  A small abomination (Abyss:2)
  9 killer bees
  An elephant simulacrum (IceCv)
  3 wights (D:8)
  3 electric eels (Bailey)
  5 howler monkeys
  2 draconian simulacra (IceCv)
  4 crimson imps (D:11)
  5 hounds
  A quasit (Abyss:2)
  A bullfrog zombie (D:6)
  2 centaur zombies
  A jelly (D:6)
  8 orc priests
  A bullfrog skeleton (D:5)
  4 iguanas (D:6)
  10 orc wizards
  A spriggan simulacrum (IceCv)
  5 troll simulacra (IceCv)
  2 centaur simulacra (IceCv)
  6 gnolls
  2 howler monkey skeletons (D:5)
  5 adders
  3 ogre simulacra (IceCv)
  7 naga simulacra (IceCv)
  21 white imps
  A worm (D:3)
  2 dart slugs
  44 orcs
  5 endoplasms
  4 giant cockroaches
  12 goblins
  21 hobgoblins
  5 jackals (D:3)
  3 kobolds
  2 quokkas (D:1)
  3 ball pythons
  5 bats
  2 frilled lizards
  8 rats
359 creatures vanquished.

Vanquished Creatures (others)
  An ice beast (D:8)
1 creature vanquished.

Grand Total: 360 creatures vanquished

Notes
Turn   | Place    | Note
-------+----------+-------------------------------------------
     0 | D:1      | Ijustatesigmund the Hill Orc Fighter began the quest for
                  | the Orb.
     0 | D:1      | Reached XP level 1. HP: 19/19 MP: 1/1
   289 | D:1      | Reached skill level 3 in Axes
   317 | D:1      | Reached XP level 2. HP: 15/27 MP: 2/2
   719 | D:1      | Reached skill level 4 in Axes
   719 | D:1      | Reached XP level 3. HP: 11/33 MP: 3/3
  1040 | D:1      | Found a faded altar of an unknown god.
  1541 | D:2      | Reached XP level 4. HP: 41/41 MP: 4/4
  1774 | D:3      | Reached skill level 5 in Axes
  1980 | D:3      | Reached XP level 5. HP: 8/47 MP: 5/5
  2322 | D:3      | Reached skill level 5 in Fighting
  2322 | D:3      | Reached skill level 6 in Axes
  2346 | D:3      | Identified a scroll of acquirement
  2346 | D:3      | Acquired a +4 vorpal broad axe
  2596 | D:4      | Noticed a necrophage
  2604 | D:4      | Killed a necrophage
  2605 | D:4      | Reached XP level 6. HP: 51/56 MP: 6/6
  2740 | D:4      | Noticed Grinder
  2746 | D:4      | Killed Grinder
  2747 | D:4      | Reached skill level 7 in Axes
  2747 | D:4      | Reached XP level 7. HP: 46/62 MP: 7/7
  3242 | D:5      | Entered Level 5 of the Dungeon
  3355 | D:5      | Found a staircase to the Ecumenical Temple.
  3543 | D:5      | Reached skill level 5 in Armour
  3543 | D:5      | Reached skill level 5 in Shields
  3603 | D:5      | HP: 3/64 [ogre/+0 giant club (13)]
  3605 | D:5      | Reached XP level 8. HP: 4/71 MP: 8/8
  4018 | D:5      | Reached skill level 8 in Axes
  4316 | D:6      | Found a sacrificial altar of Ru.
  4830 | D:6      | Found a blossoming altar of Fedhas.
  4867 | D:6      | Reached skill level 1 in Dodging
  5031 | D:6      | Found a shadowy altar of Dithmenos.
  5031 | D:6      | Found a shimmering altar of Xom.
  5080 | D:6      | Reached skill level 9 in Axes
  5080 | D:6      | Reached XP level 9. HP: 81/81 MP: 9/9
  5309 | D:7      | Learned a level 1 spell: Magic Dart
  5312 | D:7      | Learned a level 2 spell: Blink
  5375 | D:7      | Found a glowing golden altar of the Shining One.
  6035 | D:7      | Reached skill level 10 in Axes
  6332 | D:7      | Found a radiant altar of Vehumet.
  6335 | D:7      | Found a hide-covered altar of Uskayaw.
  6338 | D:7      | Found an opulent altar of Gozag.
  6651 | D:8      | Reached XP level 10. HP: 92/92 MP: 10/10
  6847 | D:8      | Found a sparkling altar of Nemelex Xobeh.
  6927 | D:8      | Found a shimmering blue altar of Sif Muna.
  7270 | D:9      | Reached skill level 1 in Translocations
  7544 | D:9      | Found a transporter.
  7643 | D:9      | Found a staircase to the Lair.
  7657 | D:9      | Found a bloodstained altar of Trog.
  7764 | D:9      | Noticed Maggie
  7773 | D:9      | Killed Maggie
  7780 | D:9      | Found a transporter.
  7782 | D:9      | Noticed a centaur warrior
  7782 | D:9      | Noticed a cyan ugly thing
  7784 | D:9      | Found a stormy altar of Qazlal.
  8010 | D:9      | Noticed a white ugly thing
  8030 | D:9      | Killed a white ugly thing
  8031 | D:9      | Reached skill level 5 in Translocations
  8284 | D:9      | Noticed a centaur warrior
  8299 | D:9      | Killed a centaur warrior
  8535 | D:10     | Entered Level 10 of the Dungeon
  8650 | D:10     | Found Nucsec's Antique Armour Boutique.
  8657 | D:10     | Bought a pair of bloodstained gloves for 285 gold pieces
  8657 | D:10     | Identified the +2 pair of gloves of Idealism {rPois rCorr}
                  | (You bought it in a shop on level 10 of the Dungeon)
  8891 | Temple   | Entered the Ecumenical Temple
  8899 | Temple   | Became a worshipper of Cheibriados the Contemplative
  9019 | D:10     | Noticed a two-headed ogre
  9029 | D:10     | Killed a two-headed ogre
  9030 | D:10     | Reached skill level 11 in Axes
  9030 | D:10     | Reached skill level 1 in Invocations
  9030 | D:10     | Reached XP level 11. HP: 79/99 MP: 8/12
  9076 | D:10     | Reached skill level 10 in Fighting
  9145 | D:10     | Found a broken altar of Ashenzari.
  9438 | D:11     | Found a flagged portal.
  9445 | Bailey   | Entered a bailey
  9514 | Bailey   | Found an iron altar of Okawaru.
  9514 | Bailey   | Noticed an orc high priest
  9526 | Bailey   | Reached * piety under Cheibriados
  9534 | Bailey   | Noticed a soul eater
  9535 | Bailey   | Killed an orc high priest
  9536 | Bailey   | Reached skill level 5 in Dodging
  9645 | Bailey   | Acquired a manual of Earth Magic
  9668 | Bailey   | Noticed an orc knight
  9699 | Bailey   | Killed an orc knight
  9793 | Bailey   | Reached ** piety under Cheibriados
  9829 | Bailey   | Identified the +3 leather armour of Watehikh {Will+}
  9869 | Bailey   | Noticed an orc knight
  9884 | Bailey   | Killed an orc knight
 10209 | D:11     | Noticed a brown ugly thing
 10216 | D:11     | Killed a brown ugly thing
 10320 | D:11     | Identified the +1 plate armour of the Cricket {rPois}
 10533 | D:11     | Noticed a two-headed ogre
 10539 | D:11     | Killed a two-headed ogre
 10568 | D:11     | Reached skill level 5 in Invocations
 10568 | D:11     | Reached XP level 12. HP: 108/108 MP: 15/15
 11196 | D:12     | Reached skill level 12 in Axes
 11248 | D:12     | Noticed a death knight
 11264 | D:12     | Killed a death knight
 11295 | D:12     | Found a frozen archway.
 11297 | D:12     | Noticed an ice dragon
 11305 | D:12     | Reached *** piety under Cheibriados
 11328 | D:12     | Killed an ice dragon
 11351 | IceCv    | Entered an ice cave
 11554 | IceCv    | Reached skill level 1 in Evocations
 11600 | IceCv    | Found an ancient bone altar of Kikubaaqudgha.
 11607 | IceCv    | Reached **** piety under Cheibriados
 12075 | D:12     | Noticed a centaur warrior
 12083 | D:12     | Killed a centaur warrior
 12340 | D:12     | Found a staircase to the Orcish Mines.
 12405 | D:12     | Reached XP level 13. HP: 116/116 MP: 19/19
 13155 | D:13     | Reached skill level 5 in Evocations
 13185 | D:13     | Noticed a vault guard
 13185 | D:13     | Noticed a vault guard
 13544 | D:13     | Reached skill level 10 in Invocations
 13864 | D:13     | Killed a vault guard
 13915 | D:13     | Cast into level 2 of the Abyss (a wizard)
 13936 | Abyss:2  | Found a corrupted altar of Lugonu.
 14019 | Abyss:2  | Found an ancient bone altar of Kikubaaqudgha.
 14057 | Abyss:2  | Reached skill level 13 in Axes
 14113 | Abyss:2  | Noticed a daeva
 14155 | Abyss:2  | Reached ***** piety under Cheibriados
 14239 | Abyss:2  | Mangled by a lorocyproca

Illustrated notes

Levels and vault maps discovered:
D:1:      sevenhm_arrival_forest_fort_small_4, layout_rooms,
          hellmonk_ecumenical_altar_heavens_door
D:2:      layout_basic
D:3:      layout_rooms
D:4:      layout_rooms, uniq_grinder
D:5:      layout_basic, minmay_temple_entry_offerings
D:6:      layout_loops_corners, fedhas_altar_1, hangedman_ru_absence,
          gammafunk_temple_overflow_wave
D:7:      layout_loops_ring, grunt_temple_overflow_diamond,
          nicolae_tso_carved_into_rock, grunt_decor_fettered
D:8:      layout_cave_pools, general_overflow_altar, nemelex_spade_bored_becter,
          serial_glass, glass_columns_c, glass_columns_b, glass_columns_c,
          glass_columns_a, glass_columns_a, glass_columns_a, amethyst_killhole
D:9:      layout_cave_pools, trog_ov_bears_minmay,
          gammafunk_temple_overflow_arena, wad_mini_maze, uniq_maggie
D:10:     layout_big_octagon, evilmike_ruin_ashenzari, serial_shops, shop
D:11:     layout_layer_cave, enter_bailey_2, chequers_mini_garden,
          minmay_nine_imps
D:12:     layout_stronghold, david_orc_1_choice,
          portal_ice_cave_entry_animals_and_master
D:13:     layout_basic, grunt_vaults_entry_fortified, kennysheep_donut
Temple:   dpeg_three_leaves_temple
Abyss:2:  base:
D:3

Skill      XL: |  1  2  3  4  5  6  7  8  9 10 11 12 13 |
---------------+----------------------------------------+-----
Axes           | 3 4 5 6 7 9 10 11 12 13 | 13.1
Fighting       | 4 5 6 7 9 10 11 12 | 12.0
Armour         | 4 5 6 7 8 |  8.0
Shields        | 4 5 6 7 8 |  8.1
Dodging        | 1 4 5 6 |  6.1
Translocations | 7 |  7.1
Invocations    | 1 5 8 10 | 10.9
Evocations     | 4 5 |  5.9

Action                   |  1- 3 |  4- 6 |  7- 9 | 10-12 | 13-15 || total
-------------------------+-------+-------+-------+-------+-------++-------
Melee: War axe           |   107 |    65 |       |       |       ||   172
       Broad axe         |       |    20 |   201 |   556 |   144 ||   921
Throw: Dart              |       |       |     4 |     7 |     1 ||    12
 Cast: Blink             |       |       |       |     2 |       ||     2
Invok: Slouch            |       |       |       |     1 |       ||     1
Evoke: Wand              |       |       |       |    17 |     2 ||    19
  Use: Potion            |     2 |       |     1 |     6 |     1 ||    10
       Scroll            |       |     8 |    15 |    11 |     6 ||    40
 Stab: Invisible         |       |       |     1 |       |       ||     1
Armor: Scale mail        |    76 |    34 |     9 |       |       ||   119
       Chain mail        |       |       |    83 |       |       ||    83
       Steam dragon scal |       |       |       |    31 |       ||    31
       Troll leather arm |       |       |       |   148 |    46 ||   194
       Skin              |       |       |       |    12 |       ||    12
Dodge: Dodged            |    31 |    24 |    71 |   286 |    98 ||   510
Block: Kite shield       |    63 |    48 |   109 |   428 |   100 ||   748

Table legend: (Time is in decaauts)
 A = Elapsed time spent in this place.
 B = Non-inter-level travel time spent in this place.
 C = Inter-level travel time spent in this place.
 D = Time resting spent in this place.
 E = Time spent auto-exploring this place.
 F = Levels seen in this place.
 G = Mean time per level.
                   A        B        C        D        E       F      G
               +--------+--------+--------+--------+--------+-----+--------+
         Total |  16941 |  16159 |    782 |   2909 |   9801 |  17 |  996.5 |
       Dungeon |  14556 |  13784 |    772 |   2686 |   8979 |  13 | 1119.7 |
        Temple |     18 |      8 |     10 |      0 |      0 |   1 |   18.0 |
         Abyss |    484 |    484 |      0 |     25 |    241 |   1 |  484.0 |
        Bailey |    939 |    939 |      0 |     53 |    189 |   1 |  939.0 |
      Ice Cave |    942 |    942 |      0 |    145 |    390 |   1 |  942.0 |
               +--------+--------+--------+--------+--------+-----+--------+

Top non-repeatable levels by time:
    D:12: 1915 daAuts
    D:11: 1507 daAuts
    D:13: 1403 daAuts
     D:9: 1382 daAuts
     D:7: 1305 daAuts
     D:6: 1300 daAuts
     D:1: 1102 daAuts
   IceCv: 942 daAuts
  Bailey: 939 daAuts
     D:5: 883 daAuts
     D:3: 871 daAuts
    D:10: 753 daAuts
     D:8: 752 daAuts
     D:4: 693 daAuts
     D:2: 686 daAuts
